 Dungeon Crawl Stone Soup version 0.28.0-53-g5a82cb258f (webtiles) character file.

Game seed: 13915066391726850383

193 Nyth the Twirler (level 5, 0/32 HPs)
             Began as a Gargoyle Gladiator on Aug 12, 2022.
             Slain by Edmund
             ... wielding a +0 flail of venom
              (3 damage)
             ... on level 4 of the Dungeon.
             The game lasted 00:06:30 (3344 turns).

Nyth the Twirler (Gargoyle Gladiator)               Turns: 3344, Time: 00:06:31

Health: 0/32       AC: 12    Str: 19    XL:     5   Next: 72%
Magic:  5/5        EV: 10    Int:  9    God:
Gold:   103        SH:  0    Dex: 11    Spells: 4/4 levels left

rFire   + . .      SeeInvis .   k - +3 quarterstaff (chaos)
rCold   x . .      Faith    .   (shield currently unavailable)
rNeg    + . .      Spirit   .   i - +0 scale mail
rPois   ∞          Reflect  .   c - +0 helmet
rElec   +          Harm     .   l - +0 cloak
rCorr   .          Rampage  .   (no gloves)
Will    .....                   (no boots)
Stlth   ..........              (no amulet)
HPRegen 0.10/turn               j - ring of fire
MPRegen 0.09/turn               (no ring)

@: no status effects
A: sickness immunity, AC +4, negative energy resistance 1, electricity
resistance, torment resistance 1, petrification resistance
a: no special abilities


You were on level 4 of the Dungeon.
You visited 1 branch of the dungeon, and saw 4 of its levels.

You collected 103 gold pieces.

Inventory:

Hand Weapons
 a - a +0 quarterstaff
 k - a +3 quarterstaff of chaos (weapon)
Missiles
 d - 3 throwing nets (quivered)
Armour
 b - a +0 leather armour
 c - a +0 helmet (worn)
 i - a +0 scale mail (worn)
 l - a +0 cloak (worn)
Jewellery
 j - a ring of fire (left hand)
Scrolls
 m - a scroll of fear {unknown}
 n - a scroll of enchant weapon {unknown}
Potions
 e - a potion of ambrosia {unknown}
 h - a potion of heal wounds {unknown}


   Skills:
 + Level 2.8 Fighting
 * Level 5.2 Staves
 + Level 2.0 Throwing
 + Level 1.1 Armour
 + Level 3.0 Dodging
 + Level 0.3 Stealth


You had 4 spell levels left.
You didn't know any spells.
Your spell library contained the following spells:

 Spells                   Type           Power      Damage    Failure   Level
 Freezing Cloud           Conj/Ice/Air   0%         6-21      100%        5
 Simulacrum               Ice/Necr       0%         N/A       100%        6
 Polar Vortex             Ice            0%         N/A       100%        9


Dungeon Overview and Level Annotations

Branches:
Dungeon (4/15)
 Temple: D:4-7

Altars:

Annotations:
D:4 Edmund


Innate Abilities, Weirdness & Mutations

You are immune to sickness and miasma.
Your stone body is resilient. (AC +4)
You are immune to poison.
You resist negative energy. (rN+)
You are resistant to electric shocks. (rElec)
You are resistant to unholy torment.
You are immune to petrification.


Message History

As you read the scroll labelled XOLAGADEGACH, it crumbles to dust.
The scroll dissolves into smoke.
It was a scroll of fog.
Edmund asks, "Have you met my wondrous brother?"
Edmund hits you with a +0 flail of venom.
The hound bites you. The hound completely misses you.
You see here a wand of charming (7).
The hound closely misses you. The hound closely misses you.
You barely miss the hound. The hound completely misses you.
The hound bites you but does no damage.
You hit the hound. You burn the hound.
The hound is moderately wounded.
The hound bites you but does no damage.
You hit the hound.
The hound is poisoned.
The hound is heavily wounded.
The hound bites you. The hound bites you but does no damage.
You hit the hound.
The hound looks as sick as possible!
The hound is heavily wounded.
The hound bites you but does no damage.
You closely miss the hound.
The hound is almost dead.
You kill the hound!
You closely miss Edmund.
Edmund hits you with a +0 flail of venom.
* * * LOW HITPOINT WARNING * * *
A ball python comes into view.
Found a chain mail.
You sock the ball python!
You kill the ball python!
Edmund hits you with a +0 flail of venom.
* * * LOW HITPOINT WARNING * * *
Found a stone staircase leading down.
Things that are here:
a +0 chain mail; a ball python corpse You hit Edmund but do no damage.
Edmund closely misses you.
You hit Edmund.
Edmund is lightly wounded.
Edmund hits you with a +0 flail of venom.
You die...

#######
##.....
.§.§####
#####..§§..
#...†..§§
#.####§##...
#@##§§§§§...
#@##§#§##...
#.##§#.#
#.##.#..
#.##.####
#.##.#
#.##>#
#.##.. #>.


You could see Edmund.

Vanquished Creatures
  A hound (D:4)
  Crazy Yiuf (D:2)
  Natasha (twice) (D:3)
  3 adders
  5 ball pythons
  8 endoplasms
  A giant cockroach (D:1)
  6 goblins
  3 hobgoblins
  3 jackals (D:1)
  6 kobolds
  2 quokkas (D:2)
  6 bats
  3 frilled lizards
  7 rats
57 creatures vanquished.

Notes
Turn   | Place    | Note
-------+----------+-------------------------------------------
     0 | D:1      | Nyth the Gargoyle Gladiator began the quest for the Orb.
     0 | D:1      | Reached XP level 1. HP: 12/12 MP: 1/1
   127 | D:1      | Found a faded altar of an unknown god.
   168 | D:1      | Reached XP level 2. HP: 17/17 MP: 2/2
   580 | D:1      | Reached XP level 3. HP: 12/22 MP: 3/3
  1696 | D:2      | Reached XP level 4. HP: 26/27 MP: 4/4
  1875 | D:2      | Reached skill level 4 in Staves
  2083 | D:2      | Found a runed translucent door.
  2085 | D:2      | Noticed Crazy Yiuf
  2163 | D:2      | Killed Crazy Yiuf
  2720 | D:3      | Noticed Natasha
  2732 | D:3      | Killed Natasha
  2733 | D:3      | Reached skill level 1 in Armour
  2733 | D:3      | Reached XP level 5. HP: 23/32 MP: 5/5
  2960 | D:3      | Noticed Natasha
  2974 | D:3      | Killed Natasha
  3046 | D:3      | Reached skill level 5 in Staves
  3325 | D:4      | Noticed Edmund
  3344 | D:4      | Slain by Edmund

Illustrated notes

Levels and vault maps discovered:
D:1:      dpeg_arrival_castle, layout_loops_ring,
          chequers_ecumenical_altar_simple
D:2:      layout_basic, uniq_crazy_yiuf_cottage
D:3:      layout_loops_corners, uniq_natasha
D:4:      layout_loops_ring, minmay_surrounded, uniq_sigmund, uniq_edmund,
          uniq_grinder

Skill      XL: |  1  2  3  4  5 |
---------------+----------------+-----
Throwing       | 2 |  2.0
Dodging        | 3 |  3.0
Staves         | 4 5 |  5.2
Armour         | 1 |  1.1
Fighting       | |  2.8
Stealth        | |  0.3

Action                   |  1- 3 |  4- 6 || total
-------------------------+-------+-------++-------
Melee: Quarterstaff      |    91 |    95 ||   186
Throw: Throwing net      |     2 |       ||     2
  Use: Scroll            |       |     2 ||     2
 Stab: Petrified         |       |     1 ||     1
Armor: Leather armour    |    47 |       ||    47
       Skin              |     2 |     6 ||     8
       Scale mail        |       |    42 ||    42
Dodge: Dodged            |    87 |    38 ||   125
